 Dungeon Crawl Stone Soup version 0.29-a0-791-ga0f254aafb (webtiles) character file.

Game seed: 15120685239967856383

23 Malachi the Chiller (level 2, 0/19 HPs)
             Began as a Demonspawn Ice Elementalist on July 3, 2022.
             Slain by a goblin
             ... wielding a +0 club
              (2 damage)
             ... on level 2 of the Dungeon.
             The game lasted 00:01:39 (1839 turns).

Malachi the Chiller (Demonspawn Ice Elementalist)   Turns: 1839, Time: 00:01:39

Health: 0/19       AC:  3    Str:  8    XL:     2   Next: 75%
Magic:  0/6        EV: 12    Int: 16    God:
Gold:   128        SH:  0    Dex: 13    Spells: 6/7 levels left

rFire   . . .      SeeInvis .   (no weapon)
rCold   . . .      Faith    .   (no shield)
rNeg    . . .      Spirit   .   a - +0 robe
rPois   .          Reflect  .   c - +0 helmet
rElec   .          Harm     .   (no cloak)
rCorr   .          Rampage  .   (no gloves)
Will    .....                   (no boots)
Stlth   ++........              (no amulet)
HPRegen 0.06/turn               (no ring)
MPRegen 0.10/turn               (no ring)

@: very slightly contaminated
A: demonic touch 1
a: no special abilities


You were on level 2 of the Dungeon.
You visited 1 branch of the dungeon, and saw 2 of its levels.

You collected 128 gold pieces.

Inventory:

Armour
 a - a +0 robe (worn)
 c - a +0 helmet (worn)
Jewellery
 j - a ring of resist corrosion
Scrolls
 e - 2 scrolls of fear {unknown}
 h - 2 scrolls of vulnerability {unknown}
 l - 3 scrolls of noise {unknown}
 m - a scroll of amnesia {unknown}
 o - a scroll of magic mapping {unknown}
Potions
 b - 2 potions of magic
 d - 2 potions of might {unknown}
 f - a potion of mutation {unknown}
 g - a potion of lignification {unknown}
 i - a potion of resistance {unknown}
 k - a potion of curing {unknown}
 n - 2 potions of flight {unknown}


   Skills:
 - Level 1.7 Dodging
 - Level 1.7 Stealth
 * Level 3.2 Spellcasting
 - Level 3.6 Ice Magic


You had 6 spell levels left.
You knew the following spells:

 Your Spells              Type           Power      Damage    Failure   Level
a - Freeze                Ice            56%        1d7       4%          1

Your spell library contained the following spells:

 Spells                   Type           Power      Damage    Failure   Level
 Frozen Ramparts          Ice            28%        1d4       13%         3
 Ozocubu's Armour         Ice            14%        N/A       13%         3
 Apportation              Tloc           4%         N/A       19%         1
 Necrotize                Necr           8%         1d4       19%         1
 Summon Small Mammal      Summ           8%         N/A       19%         1
 Hailstorm                Conj/Ice       8%         3d4       65%         4


Dungeon Overview and Level Annotations

Branches:
Dungeon (2/15)

Altars:


Innate Abilities, Weirdness & Mutations

Your touch may inflict minor irresistible damage on your foes.


Message History

Aim: a bat You freeze the bat.
You kill the bat!
Unknown command.
Aiming: Freeze (safe; 4% risk of failure)
Press: ? - help, Q - select action Shift-Dir - straight line, f - quokka
Aim: a quokka You freeze the quokka!
You kill the quokka!
Aiming: Freeze (safe; 4% risk of failure)
Press: ? - help, Q - select action Shift-Dir - straight line, f - hobgoblin
Aim: a hobgoblin You freeze the hobgoblin.
The hobgoblin is heavily wounded.
The hobgoblin barely misses you.
Unknown command.
Aiming: Freeze (safe; 4% risk of failure)
Press: ? - help, Q - select action Shift-Dir - straight line, f/p - hobgoblin
Aim: a hobgoblin (heavily wounded)
You miscast Freeze.
You are very lightly contaminated with residual magic.
Nothing appears to happen.
The hobgoblin hits you.
* * * LOW HITPOINT WARNING * * *
Unknown command.
Aiming: Freeze (safe; 4% risk of failure)
Press: ? - help, Q - select action Shift-Dir - straight line, f/p - hobgoblin
Aim: a hobgoblin (heavily wounded)
You freeze the hobgoblin.
You kill the hobgoblin!
Unknown command.
The goblin attacks as you move away! The goblin hits you with a +0 club.
* * * LOW HITPOINT WARNING * * *
Aiming: Freeze (safe; 4% risk of failure)
Press: ? - help, Q - select action Shift-Dir - straight line, f - goblin
Aim: a goblin, wielding a +0 club You freeze the goblin.
The goblin is moderately wounded.
The goblin hits you with a +0 club.
You die...

....##..............#
#.#.##.####.......#.####
....##.# #.##.##.#.##..
..####.# #.##.##.#.##.#
........ ..........##.#
...###.# .#.##.##...##.#
..........#.##.##...##.#
.......##..............#
.#.##### ##.#@#..#######
.#.# #.g#.....)...# .#.#
##S###.######.# .#.#
##J## ##.## #.# .# #†##
##.# ##.# .#
########†######### #..#
## ........J.........
#.## ##...#....####....
#)# #. #...S# . #.#


You could see an endoplasm, a goblin and a ball python.

Vanquished Creatures
  3 endoplasms (D:1)
  A giant cockroach (D:1)
  3 hobgoblins
  2 jackals (D:2)
  A quokka (D:2)
  2 ball pythons
  3 bats (D:2)
  A frilled lizard (D:1)
  3 kobolds
  2 rats
21 creatures vanquished.

Notes
Turn   | Place    | Note
-------+----------+-------------------------------------------
     0 | D:1      | Malachi the Demonspawn Ice Elementalist began the quest for
                  | the Orb.
     0 | D:1      | Reached XP level 1. HP: 13/13 MP: 3/3
  1047 | D:1      | Gained mutation: Your touch may inflict minor irresistible
                  | damage on your foes. [demonic ancestry]
  1047 | D:1      | Reached XP level 2. HP: 19/19 MP: 3/5
  1839 | D:2      | Slain by a goblin

Illustrated notes

Levels and vault maps discovered:
D:1:      scummos_arrival_checkerplants, layout_rooms
D:2:      minmay_recursive_quarters, layout_loops_ring

Skill      XL: |  1  2 |
---------------+-------+-----
Spellcasting   | 3 |  3.2
Dodging        | |  1.7
Stealth        | |  1.7
Ice Magic      | |  3.6

Action                   || total
-------------------------++-------
Melee: Unarmed           ||     4
 Cast: Freeze            ||    34
Armor: Robe              ||    27
Dodge: Dodged            ||    42

Table legend: (Time is in decaauts)
 A = Elapsed time spent in this place.
 B = Non-inter-level travel time spent in this place.
 C = Inter-level travel time spent in this place.
 D = Time resting spent in this place.
 E = Time spent auto-exploring this place.
 F = Levels seen in this place.
 G = Mean time per level.
                   A        B        C        D        E       F      G
               +--------+--------+--------+--------+--------+-----+--------+
         Total |   1838 |   1813 |     25 |    849 |    739 |   2 |  919.0 |
       Dungeon |   1838 |   1813 |     25 |    849 |    739 |   2 |  919.0 |
               +--------+--------+--------+--------+--------+-----+--------+

Top non-repeatable levels by time:
     D:1: 1394 daAuts
     D:2: 444 daAuts
